 Dungeon Crawl Stone Soup version 0.20.1-1-g8b1a95d (webtiles) character file.

4462 cochise the Basher (level 10, -5/132 HPs)
             Began as a Minotaur Berserker on Sept 17, 2017.
             Was a High Priest of Trog.
             Slain by Snorg (13 damage)
             ... on level 10 of the Dungeon.
             The game lasted 00:45:08 (7670 turns).

cochise the Basher (Minotaur Berserker)             Turns: 7670, Time: 00:45:09

Health: -5/132     AC: 16    Str: 31    XL:     10   Next: 15%
Magic:  9/9        EV:  7    Int:  4    God:    Trog [*****.]
Gold:   511        SH:  8    Dex: 12    Spells: 9/9 levels left

rFire    . . .     SeeInvis .   a - +1 mace
rCold    + . .     Gourm    .   j - +0 shield
rNeg     . . .     Faith    .   F - +4 chain mail
rPois    .         Spirit   .   (helmet restricted)
rElec    +         Reflect  .   (no cloak)
rCorr    .         Harm     .   H - +0 pair of gloves
MR       .....                  (no boots)
Stlth    ..........             (no amulet)
Regen    0.4/turn               e - ring of protection from fire
MPRegen  0.2/turn               A - ring "Ciexeg" {Ice rElec Str+3 Slay-2 Stlth+}

@: mighty, berserking, very quick
A: retaliatory headbutt, horns 2
a: Berserk, Trog's Hand, Brothers in Arms, Burn Spellbooks, Renounce Religion


You were on level 10 of the Dungeon.
You worshipped Trog.
Trog was extremely pleased with you.
You were very hungry.

You visited 1 branch of the dungeon, and saw 10 of its levels.

You collected 511 gold pieces.

Inventory:

Hand Weapons
 a - a +1 mace (weapon)
 k - a +0 vampiric whip
Missiles
 m - 29 poisoned needles (quivered)
 p - 12 tomahawks
 J - 2 needles of sleeping
Armour
 j - a +0 shield (worn)
 y - a +0 plate armour
 F - a +4 chain mail (worn)
 H - a +0 pair of gloves (worn)
Jewellery
 e - a ring of protection from fire (left hand)
 A - the ring "Ciexeg" (right hand) {Ice rElec Str+3 Slay-2 Stlth+}
   (You found it on level 4 of the Dungeon)

   [ring of ice]

   It enhances your ice magic.
   It affects your strength (+3).
   It affects your accuracy and damage with ranged weapons and melee attacks
   (-2).
   It makes you vulnerable to fire.
   It protects you from cold.
   It insulates you from electricity.
   It makes you more stealthy.
Wands
 x - a wand of iceblast (7/15)
Scrolls
 b - a scroll of blinking {unknown}
 d - a scroll of teleportation {unknown}
 f - a scroll of recharging {unknown}
 g - 4 scrolls of identify
 l - 2 scrolls of fog {unknown}
 r - 6 scrolls of immolation
 t - a scroll of enchant weapon
 u - 2 scrolls of enchant armour
 w - a scroll of remove curse
 z - a scroll of amnesia {unknown}
Potions
 h - a potion of curing
 i - 6 potions of flight
 n - 3 potions of mutation
 q - 2 potions of haste
 v - 2 potions of heal wounds {unknown}
 B - 2 potions of berserk rage
 C - a potion of ambrosia
 I - a potion of agility {unknown}
Books
 D - a book of Cantrips

   Spells                             Type                      Level
   a - Confusing Touch                Hexes                        1
   b - Animate Skeleton               Necromancy                   1
   c - Summon Small Mammal            Summoning                    1
   d - Apportation                    Translocation                1
   Trog disapproves of the use of such an item.
Comestibles
 c - 7 bread rations
 o - 6 meat rations
 s - a royal jelly
 E - 2 fruits
 K - 3 chunks of flesh


   Skills:
 + Level 8.0 Fighting
 * Level 13.7 Maces & Flails
 + Level 8.9 Armour
 - Level 2.2 Dodging


You had 9 spell levels left.
You didn't know any spells.

Dungeon Overview and Level Annotations

Branches:
Dungeon (10/15)            Temple (0/1) D:4
   Lair: D:8-11         Orc: D:9-12

Altars:
Cheibriados
Fedhas
Kikubaaqudgha
Qazlal
Ru
Sif Muna

Annotations:
D:10 Snorg


Innate Abilities, Weirdness & Mutations

You reflexively headbutt those who attack you in melee.
You have a pair of horns on your head.


Message History

You sock Snorg!
Snorg is heavily wounded.
Snorg bites you but does no damage. Snorg claws you but does no damage.
Snorg claws you!
* * * LOW HITPOINT WARNING * * *
You closely miss Snorg.
Snorg is heavily wounded.
You thump Snorg! You headbutt Snorg!!
Snorg is severely wounded.
Snorg barely misses you. You block Snorg's attack. Snorg claws you.
* * * LOW HITPOINT WARNING * * *
You closely miss Snorg.
Snorg is severely wounded.
You block Snorg's attack. Snorg claws you!
* * * LOW HITPOINT WARNING * * *
Snorg completely misses you.
You closely miss Snorg.
Snorg is severely wounded.
Snorg bites you!
You die...

.........#
......<..#
...$.....#
.........#
.........#
.........#
.>..T..Z.#
#T## #@.#
#########'###
............#
............#
............#
............#
....>..|....#
............#
............#


You could see Snorg (berserk) and a hound skeleton.

Vanquished Creatures
  A hippogriff (D:9)
  A spriggan (D:7)
  A wyvern (D:7)
  2 hungry ghosts
  Duvessa (D:6)
  A water moccasin (D:8)
  A hornet zombie (D:8)
  4 orc warriors
  A sky beast (D:8)
  5 ogres
  4 phantoms
  2 centaurs
  3 bullfrogs
  A big kobold (D:9)
  Dowan (D:6)
  A water moccasin skeleton (D:5)
  2 scorpions
  3 killer bees (D:7)
  3 wights (D:10)
  A howler monkey (D:6)
  A crimson imp (D:10)
  2 bullfrog zombies
  6 hounds
  5 orc priests
  10 orc wizards
  2 iguanas
  5 worker ants
  2 killer bee zombies
  A hound zombie (D:8)
  A worker ant zombie (D:8)
  A river rat (D:5)
  15 adders
  A shadow imp (D:7)
  An ooze (D:1)
  An adder zombie (D:7)
  A worm (D:2)
  3 dart slugs
  5 leopard geckos
  33 orcs
  6 giant cockroaches
  5 hobgoblins
  14 jackals
  15 kobolds
  3 quokkas
  2 ball pythons
  9 bats
  4 frilled lizards
  12 goblins
  A leopard gecko zombie (D:8)
  2 quokka skeletons (D:8)
  11 rats
219 creatures vanquished.

Notes
Turn   | Place    | Note
-------+----------+-------------------------------------------
     0 | D:1      | cochise the Minotaur Berserker began the quest for the Orb.
     0 | D:1      | Reached XP level 1. HP: 19/19 MP: 0/0
   167 | D:1      | Reached XP level 2. HP: 24/27 MP: 1/1
   168 | D:1      | Reached skill level 4 in Maces & Flails
   913 | D:1      | Reached XP level 3. HP: 33/33 MP: 2/2
  1052 | D:2      | Reached ** piety under Trog
  1518 | D:2      | Reached XP level 4. HP: 28/41 MP: 3/3
  2005 | D:2      | Reached skill level 5 in Maces & Flails
  2264 | D:3      | Noticed an ogre
  2270 | D:3      | Killed an ogre
  2270 | D:3      | Reached skill level 5 in Fighting
  2270 | D:3      | Reached skill level 6 in Maces & Flails
  2270 | D:3      | Reached XP level 5. HP: 35/48 MP: 4/4
  2468 | D:3      | Reached *** piety under Trog
  2493 | D:3      | Found a stormy altar of Qazlal.
  2849 | D:4      | Reached XP level 6. HP: 52/56 MP: 5/5
  3179 | D:4      | Reached skill level 7 in Maces & Flails
  3193 | D:4      | Got a shimmering leather armour
  3359 | D:4      | Reached XP level 7. HP: 48/61 MP: 6/6
  3417 | D:4      | Got a coiled iron ring
  3434 | D:4      | Found a staircase to the Ecumenical Temple.
  3470 | D:4      | Found a snail-covered altar of Cheibriados.
  3650 | D:5      | Entered Level 5 of the Dungeon
  3852 | D:5      | Reached skill level 8 in Maces & Flails
  4154 | D:5      | Reached **** piety under Trog
  4177 | D:5      | Reached skill level 5 in Armour
  4289 | D:5      | Reached skill level 9 in Maces & Flails
  4579 | D:6      | Reached XP level 8. HP: 70/70 MP: 7/7
  4620 | D:6      | Noticed Dowan
  4631 | D:6      | Noticed Duvessa
  4639 | D:6      | Killed Duvessa
  4639 | D:6      | Reached skill level 10 in Maces & Flails
  4653 | D:6      | Killed Dowan
  4917 | D:6      | Found a deep blue altar of Sif Muna.
  4987 | D:6      | Identified the ring "Ciexeg" {Ice rElec Str+3 Slay-2 Stlth+} (You found it on level 4 of the Dungeon)
  5081 | D:7      | Reached skill level 11 in Maces & Flails
  5145 | D:7      | Found a blossoming altar of Fedhas.
  5204 | D:7      | Reached XP level 9. HP: 47/78 MP: 8/8
  5531 | D:7      | Reached skill level 12 in Maces & Flails
  5735 | D:7      | Found a sacrificial altar of Ru.
  6565 | D:9      | Reached skill level 13 in Maces & Flails
  6682 | D:9      | Reached ***** piety under Trog
  6907 | D:9      | Found an ancient bone altar of Kikubaaqudgha.
  7143 | D:9      | Reached XP level 10. HP: 48/88 MP: 9/9
  7516 | D:10     | Entered Level 10 of the Dungeon
  7538 | D:10     | Received a gift from Trog
  7656 | D:10     | Noticed Snorg
  7670 | D:10     | Slain by Snorg

Skill      XL: |  1  2  3  4  5  6  7  8  9 10 |
---------------+-------------------------------+-----
Maces & Flails | 4 6 7 9 11 13 | 13.7
Fighting       | 4 5 6 7 8 |  8.0
Armour         | 3 4 5 6 8 |  8.9
Dodging        | |  2.2

Action                   |  1- 3 |  4- 6 |  7- 9 | 10-12 || total
-------------------------+-------+-------+-------+-------++-------
Melee: Mace              |    88 |   151 |   450 |    78 ||   767
       Headbutt          |    11 |    22 |    93 |    15 ||   141
Invok: Trog's Hand       |       |     1 |     4 |       ||     5
       Berserk           |       |     1 |     5 |     1 ||     7
  Use: Scroll            |       |     5 |    12 |     2 ||    19
       Potion            |       |       |     1 |     1 ||     2
 Stab: Sleeping          |     1 |       |       |       ||     1
  Eat: Chunk             |     2 |     7 |    16 |     2 ||    27
       Fruit             |       |       |     1 |       ||     1
       Bread ration      |       |       |     2 |       ||     2
Armor: Leather armour    |    17 |       |       |       ||    17
       Animal skin       |     1 |       |       |       ||     1
       Ring mail         |     1 |    18 |       |       ||    19
       Chain mail        |       |    44 |   153 |    38 ||   235
       Plate armour      |       |    12 |   105 |       ||   117
Dodge: Dodged            |    61 |    42 |    96 |    22 ||   221
Block: Shield            |    37 |    48 |   176 |    26 ||   287
